| TOP OF THE 1ST |
|
Arizona State University Sun Devils batting - Pitching for University of Nebraska Cornhuskers : RHP Harry Harper
|
|
Pitching: RHP Harry Harper
|
|
|
Batting: LHB Eric Russell
|
0-0: Ball 1-0: Called Strike 1-1: Foul Ball, location: 2F 1-2: Strikes out looking
|
|
Batting: RHB Rusty Gee
|
0-0: Foul Ball, location: 2F 0-1: Ball 1-1: Ball 2-1: Called Strike 2-2: Fly out, F4 (Popup, 4, EV 77.5 MPH)
|
|
Batting: SHB Manny Aponte
|
0-0: Ball 1-0: Ground out 6-3 (Groundball, 6, EV 89.4 MPH)
|
| Top of the 1st over - 0 runs, 0 hits, 0 errors, 0 left on base; Arizona State University 0 - University of Nebraska 0 |
| BOTTOM OF THE 1ST |
|
University of Nebraska Cornhuskers batting - Pitching for Arizona State University Sun Devils : RHP Luis Escajeda
|
|
Pitching: RHP Luis Escajeda
|
|
|
Batting: RHB Mario Lopec
|
0-0: Ball 1-0: Ball 2-0: Called Strike 2-1: Ground out 6-3 (Groundball, 6, EV 85.6 MPH)
|
|
Batting: RHB Danny Forbes
|
0-0: Called Strike 0-1: Called Strike 0-2: Ball 1-2: Foul Ball, location: 2F 1-2: Strikes out swinging
|
|
Batting: RHB Zion Jones
|
0-0: Called Strike 0-1: Called Strike 0-2: Ball 1-2: Strikes out swinging
|
| Bottom of the 1st over - 0 runs, 0 hits, 0 errors, 0 left on base; Arizona State University 0 - University of Nebraska 0 |
| TOP OF THE 2ND |
|
Arizona State University Sun Devils batting - Pitching for University of Nebraska Cornhuskers : RHP Harry Harper
|
|
Batting: LHB Dustin Gill
|
0-0: Swinging Strike 0-1: Ball 1-1: Swinging Strike 1-2: Ball 2-2: Ball 3-2: Strikes out swinging
|
|
Batting: RHB Martin Boyle
|
0-0: Swinging Strike 0-1: Reached on error, E6 (Groundball, 6, EV 82.5 MPH)
|
|
Batting: RHB John Burgis
|
0-0: Called Strike 0-1: Called Strike 0-2: Ball 1-2: Foul Ball, location: 2F 1-2: Ball 2-2: Foul Ball, location: 2F 2-2: Grounds into double play, 4-6-3 (Groundball, 34, EV 105.0 MPH)
|
| Top of the 2nd over - 0 runs, 0 hits, 1 error, 0 left on base; Arizona State University 0 - University of Nebraska 0 |
| BOTTOM OF THE 2ND |
|
University of Nebraska Cornhuskers batting - Pitching for Arizona State University Sun Devils : RHP Luis Escajeda
|
|
Batting: LHB Jose Gonzalez
|
0-0: Foul Ball, location: 2F 0-1: Foul Ball, location: 2F 0-2: Foul Ball, location: 2F 0-2: Ball 1-2: Ball 2-2: Strikes out looking
|
|
Batting: LHB Bob Appleby
|
0-0: Fly out, F8 (Flyball, 78XD, EV 101.2 MPH)
|
|
Batting: RHB Matt Peters
|
0-0: Ball 1-0: Ball 2-0: Called Strike 2-1: Ball 3-1: Base on Balls
|
|
Batting: LHB Mike Rawson
|
0-0: Fielders Choice at 2nd, 6-4 (Groundball, 6, EV 83.8 MPH)
|
| Bottom of the 2nd over - 0 runs, 0 hits, 0 errors, 1 left on base; Arizona State University 0 - University of Nebraska 0 |
| TOP OF THE 3RD |
|
Arizona State University Sun Devils batting - Pitching for University of Nebraska Cornhuskers : RHP Harry Harper
|
|
Batting: LHB Burraga Iukini
|
0-0: Ball 1-0: Ball 2-0: Foul Ball, location: 2F 2-1: Swinging Strike 2-2: Ball 3-2: Strikes out swinging
|
|
Batting: RHB Carl Evans
|
0-0: Called Strike 0-1: Ball 1-1: Swinging Strike 1-2: Ball 2-2: Strikes out swinging
|
|
Batting: LHB Timon Giorgiou
|
0-0: Called Strike 0-1: Ball 1-1: Foul Ball, location: 2F 1-2: Fly out, F9 (Flyball, 9, EV 82.5 MPH)
|
| Top of the 3rd over - 0 runs, 0 hits, 0 errors, 0 left on base; Arizona State University 0 - University of Nebraska 0 |
| BOTTOM OF THE 3RD |
|
University of Nebraska Cornhuskers batting - Pitching for Arizona State University Sun Devils : RHP Luis Escajeda
|
|
Batting: SHB Gary Luckwell
|
0-0: Ball 1-0: Called Strike 1-1: Ground out 3-1 (Groundball, 34, EV 91.2 MPH)
|
|
Batting: LHB Alfonso Escalante
|
0-0: Ball 1-0: Ball 2-0: Fly out, F8 (Flyball, 8RD, EV 95.0 MPH)
|
|
Batting: RHB Mario Lopec
|
0-0: Fly out, F7 (Line Drive, 78D, EV 86.9 MPH)
|
| Bottom of the 3rd over - 0 runs, 0 hits, 0 errors, 0 left on base; Arizona State University 0 - University of Nebraska 0 |
| TOP OF THE 4TH |
|
Arizona State University Sun Devils batting - Pitching for University of Nebraska Cornhuskers : RHP Harry Harper
|
|
Batting: LHB Eric Russell
|
0-0: Foul Ball, location: 2F 0-1: Swinging Strike 0-2: Ball 1-2: Fly out, F8 (Flyball, 8LD, EV 94.4 MPH)
|
|
Batting: RHB Rusty Gee
|
0-0: Foul Ball, location: 2F 0-1: Swinging Strike 0-2: Foul Ball, location: 2F 0-2: Ball 1-2: Foul Ball, location: 2F 1-2: Strikes out looking
|
|
Batting: SHB Manny Aponte
|
0-0: Ball 1-0: Called Strike 1-1: Swinging Strike 1-2: Foul Ball, location: 2F 1-2: Foul Ball, location: 2F 1-2: Ball 2-2: Foul Ball, location: 2F 2-2: Ground out 3-1 (Groundball, 34, EV 80.6 MPH)
|
| Top of the 4th over - 0 runs, 0 hits, 0 errors, 0 left on base; Arizona State University 0 - University of Nebraska 0 |
| BOTTOM OF THE 4TH |
|
University of Nebraska Cornhuskers batting - Pitching for Arizona State University Sun Devils : RHP Luis Escajeda
|
|
Batting: RHB Danny Forbes
|
0-0: Swinging Strike 0-1: Foul Ball, location: 2F 0-2: Ground out 4-3 (Groundball, 34, EV 79.4 MPH)
|
|
Batting: RHB Zion Jones
|
0-0: Ball 1-0: Foul Ball, location: 2F 1-1: Ball 2-1: Foul Ball, location: 2F 2-2: Foul Ball, location: 2F 2-2: Ball 3-2: Foul Ball, location: 2F 3-2: Foul Ball, location: 2F 3-2: SINGLE (Flyball, 9LS, EV 91.9 MPH)
|
|
Batting: LHB Jose Gonzalez
|
0-0: Called Strike Zion Jones is caught stealing 2nd base 2-6 0-1: Ground out 3-1 (Groundball, 34S, EV 69.4 MPH)
|
| Bottom of the 4th over - 0 runs, 1 hit, 0 errors, 0 left on base; Arizona State University 0 - University of Nebraska 0 |
| TOP OF THE 5TH |
|
Arizona State University Sun Devils batting - Pitching for University of Nebraska Cornhuskers : RHP Harry Harper
|
|
Batting: LHB Dustin Gill
|
0-0: Ball 1-0: Ball 2-0: Called Strike 2-1: Called Strike 2-2: Foul Ball, location: 2F 2-2: SINGLE (Groundball, 4MD, EV 103.1 MPH)
|
|
Batting: RHB Martin Boyle
|
0-0: Foul Ball, location: 2F 0-1: Fielders Choice at 2nd, 5-4 (Groundball, 56S, EV 83.8 MPH)
|
|
Batting: RHB John Burgis
|
0-0: Grounds into double play, 4-6-3 (Groundball, 4, EV 91.9 MPH)
|
| Top of the 5th over - 0 runs, 1 hit, 0 errors, 0 left on base; Arizona State University 0 - University of Nebraska 0 |
| BOTTOM OF THE 5TH |
|
University of Nebraska Cornhuskers batting - Pitching for Arizona State University Sun Devils : RHP Luis Escajeda
|
|
Batting: LHB Bob Appleby
|
0-0: Ball 1-0: Ball 2-0: Called Strike 2-1: Ball 3-1: Ground out U3 (Groundball, 3, EV 98.1 MPH)
|
|
Batting: RHB Matt Peters
|
0-0: Ball 1-0: SINGLE (Groundball, 4MD, EV 104.4 MPH)
|
|
Batting: LHB Mike Rawson
|
0-0: Ball 1-0: Foul Ball, location: 2F 1-1: Swinging Strike 1-2: Fly out, F8 (Flyball, 8RD, EV 104.4 MPH)
|
|
Batting: SHB Gary Luckwell
|
0-0: Called Strike 0-1: Ground out 4-3 (Groundball, 4, EV 96.9 MPH)
|
| Bottom of the 5th over - 0 runs, 1 hit, 0 errors, 1 left on base; Arizona State University 0 - University of Nebraska 0 |
| TOP OF THE 6TH |
|
Arizona State University Sun Devils batting - Pitching for University of Nebraska Cornhuskers : RHP Harry Harper
|
|
Batting: LHB Burraga Iukini
|
0-0: Ball 1-0: Ball 2-0: Called Strike 2-1: Ball 3-1: Called Strike 3-2: SOLO HOME RUN (Flyball, 89XD, EV 98.8 MPH), Distance : 407 ft
|
|
Batting: RHB Carl Evans
|
0-0: Called Strike 0-1: Ball 1-1: Foul Ball, location: 2F 1-2: Ball 2-2: Strikes out looking
|
|
Pitching: RHP Antonio Cruz
|
|
|
Batting: LHB Timon Giorgiou
|
0-0: Called Strike 0-1: Ball 1-1: Ground out 4-3 (Groundball, 4, EV 85.6 MPH)
|
|
Batting: LHB Eric Russell
|
0-0: Called Strike 0-1: Ball 1-1: Ball 2-1: Swinging Strike 2-2: Ground out 1-3 (Groundball, P, EV 71.9 MPH)
|
| Top of the 6th over - 1 run, 1 hit, 0 errors, 0 left on base; Arizona State University 1 - University of Nebraska 0 |
| BOTTOM OF THE 6TH |
|
University of Nebraska Cornhuskers batting - Pitching for Arizona State University Sun Devils : RHP Luis Escajeda
|
|
Batting: LHB Alfonso Escalante
|
0-0: Swinging Strike 0-1: Ball 1-1: DOUBLE (Flyball, 7D, EV 84.4 MPH)
|
|
Batting: RHB Mario Lopec
|
0-0: Called Strike 0-1: Ground out 1-3 (Groundball, 13S, EV 62.5 MPH) Alfonso Escalante to third
|
|
Batting: RHB Danny Forbes
|
0-0: Ground out 6-3 (Groundball, 6S, EV 80.6 MPH)
|
|
Batting: RHB Zion Jones
|
0-0: Ball 1-0: Called Strike 1-1: Foul Ball, location: 2F 1-2: Fly out, F9 (Flyball, 9, EV 78.8 MPH)
|
| Bottom of the 6th over - 0 runs, 1 hit, 0 errors, 1 left on base; Arizona State University 1 - University of Nebraska 0 |
| TOP OF THE 7TH |
|
Arizona State University Sun Devils batting - Pitching for University of Nebraska Cornhuskers : RHP Antonio Cruz
|
|
Batting: RHB Rusty Gee
|
0-0: Ball 1-0: Foul Ball, location: 2F 1-1: Swinging Strike 1-2: Ball 2-2: Ball 3-2: Foul Ball, location: 2F 3-2: Ground out 6-3 (Groundball, 6, EV 108.8 MPH)
|
|
Batting: SHB Manny Aponte
|
0-0: Ball 1-0: Ball 2-0: Called Strike 2-1: Foul Ball, location: 2F 2-2: Ball 3-2: Ground out 4-3 (Groundball, 4, EV 103.8 MPH)
|
|
Batting: LHB Dustin Gill
|
0-0: Foul Ball, location: 2F 0-1: Called Strike 0-2: Ball 1-2: Foul Ball, location: 2F 1-2: Strikes out swinging
|
| Top of the 7th over - 0 runs, 0 hits, 0 errors, 0 left on base; Arizona State University 1 - University of Nebraska 0 |
| BOTTOM OF THE 7TH |
|
University of Nebraska Cornhuskers batting - Pitching for Arizona State University Sun Devils : RHP Luis Escajeda
|
|
Batting: LHB Jose Gonzalez
|
0-0: Swinging Strike 0-1: Foul Ball, location: 2F 0-2: Foul Ball, location: 2F 0-2: Ball 1-2: Ground out 6-3 (Groundball, 6M, EV 101.9 MPH)
|
|
Pitching: LHP Nick Segar
|
|
|
Batting: LHB Bob Appleby
|
0-0: Called Strike 0-1: Ball 1-1: Foul Ball, location: 2F 1-2: Ball 2-2: Ball 3-2: Ground out 5-3 (Groundball, 56, EV 81.9 MPH)
|
|
Pitching: RHP Josh Wolford
|
|
|
Batting: RHB Matt Peters
|
0-0: Ball 1-0: Ball 2-0: Called Strike 2-1: Ball 3-1: Called Strike 3-2: Foul Ball, location: 2F 3-2: SOLO HOME RUN (Flyball, 7D, EV 96.9 MPH), Distance : 382 ft
|
|
Batting: LHB Mike Rawson
|
0-0: Ball 1-0: SINGLE (Line Drive, 9LS, EV 107.5 MPH)
|
|
Batting: SHB Gary Luckwell
|
0-0: Foul Ball, location: 2F 0-1: Called Strike 0-2: Ball 1-2: Ball 2-2: Foul Ball, location: 2F 2-2: Ball 3-2: Fly out, F7 (Flyball, 7S, EV 73.8 MPH)
|
| Bottom of the 7th over - 1 run, 2 hits, 0 errors, 1 left on base; Arizona State University 1 - University of Nebraska 1 |
| TOP OF THE 8TH |
|
Arizona State University Sun Devils batting - Pitching for University of Nebraska Cornhuskers : RHP Antonio Cruz
|
|
Pitching: RHP Alejandro Echevarria
|
|
|
Batting: RHB Martin Boyle
|
0-0: Foul Ball, location: 2F 0-1: Ball 1-1: Ball 2-1: Foul Ball, location: 2F 2-2: Strikes out swinging
|
|
Batting: RHB John Burgis
|
0-0: SINGLE (Groundball, 56, EV 102.5 MPH)
|
|
Batting: LHB Burraga Iukini
|
0-0: Foul Ball, location: 2F 0-1: Called Strike 0-2: Strikes out swinging
|
|
Batting: RHB Carl Evans
|
0-0: Ball 1-0: Ball 2-0: Fielders Choice at 2nd, 6-4 (Groundball, 6, EV 91.9 MPH)
|
| Top of the 8th over - 0 runs, 1 hit, 0 errors, 1 left on base; Arizona State University 1 - University of Nebraska 1 |
| BOTTOM OF THE 8TH |
|
University of Nebraska Cornhuskers batting - Pitching for Arizona State University Sun Devils : RHP Josh Wolford
|
|
Batting: LHB Alfonso Escalante
|
0-0: Called Strike 0-1: Ball 1-1: Swinging Strike 1-2: Ball 2-2: Strikes out swinging
|
|
Batting: RHB Mario Lopec
|
0-0: Ball 1-0: Foul Ball, location: 2F 1-1: Swinging Strike 1-2: Ground out 5-3 (Groundball, 56, EV 87.5 MPH)
|
|
Pinch Hitting: RHB Chris Anthony
|
0-0: Called Strike 0-1: Fly out, F7 (Flyball, 7, EV 78.1 MPH)
|
| Bottom of the 8th over - 0 runs, 0 hits, 0 errors, 0 left on base; Arizona State University 1 - University of Nebraska 1 |
| TOP OF THE 9TH |
|
Arizona State University Sun Devils batting - Pitching for University of Nebraska Cornhuskers : RHP Alejandro Echevarria
|
|
Now at 3B: Zion Jones
|
|
|
Now in CF: Chris Anthony
|
|
|
Batting: LHB Timon Giorgiou
|
0-0: Ball 1-0: Ball 2-0: Called Strike 2-1: Ball 3-1: Called Strike 3-2: Ground out 2-3 (Groundball, 2L, EV 69.4 MPH)
|
|
Batting: LHB Eric Russell
|
0-0: Foul Ball, location: 2F 0-1: Foul Ball, location: 2F 0-2: Foul Ball, location: 2F 0-2: Ball 1-2: Foul Ball, location: 2F 1-2: Reached on error, E5 (Groundball, 56, EV 87.5 MPH)
|
|
Batting: RHB Rusty Gee
|
0-0: Called Strike Eric Russell is caught stealing 2nd base 2-4 0-1: Foul Ball, location: 2F 0-2: Ball 1-2: Ball 2-2: Strikes out swinging
|
| Top of the 9th over - 0 runs, 0 hits, 1 error, 0 left on base; Arizona State University 1 - University of Nebraska 1 |
| BOTTOM OF THE 9TH |
|
University of Nebraska Cornhuskers batting - Pitching for Arizona State University Sun Devils : RHP Josh Wolford
|
|
Pitching: RHP Roberto Silva
|
|
|
Batting: RHB Zion Jones
|
0-0: Called Strike 0-1: Ball 1-1: Ball 2-1: SOLO HOME RUN (Flyball, 7LD, EV 89.4 MPH), Distance : 338 ft
|
| Bottom of the 9th over - 1 run, 1 hit, 0 errors, 0 left on base; Arizona State University 1 - University of Nebraska 2 |
|